AoeStats
← Pungus

MegaRandom

505763345Analyzed
1v1 RM · 22d ago on Sep 10, 2026· 30m 12s· 2 players
Game mode
Random Map
Map size
Tiny (2 player)
Population
200
Speed
Normal
Resources
Standard
Victory
Conquest
Starting age
Dark Age
Ending age
Imperial Age
RankedLock teamsTeams togetherTeam positionsShared explorationLock speedFull tech treeHidden civsTurbo modeCheats
Victory
Defeat
🇨🇴 Huns · Colombia
1056
+15
🇺🇸 Japanese · United States
1043
-15
Pungus
8:23 Loom
11:28 Feudal Age
16:06 Castle Age
15:47 Forging
15:37 Scale Mail Armor
20:20 Pikeman
22:05 Double-Bit Axe
28:07 Squires
28:44 Iron Casting
28:25 Chain Mail Armor
Hanyo
4:06 Loom
10:36 Feudal Age
11:28 Horse Collar
11:38 Double-Bit Axe
12:22 Town Watch
18:14 Castle Age
17:57 Bloodlines
24:04 Fletching
25:44 Ballistics
25:40 Bodkin Arrow
26:28 Padded Archer Armor
31:59 Imperial Age
Connection lost

Rejoining the realm…

Still unreachable

The connection could not be restored.

Session expired

The server has moved on; the page needs a fresh start.